 Dungeon Crawl Stone Soup version 0.21-a0-507-ga8f6b7a (webtiles) character file.

263 esteth the Vexing (level 6, 0/47 HPs)
             Began as a Gnoll Arcane Marksman on Nov 27, 2017.
             Was an Initiate of Okawaru.
             Slain by an iguana (7 damage)
             ... on level 4 of the Dungeon.
             The game lasted 00:10:35 (3419 turns).

esteth the Vexing (Gnoll Arcane Marksman)           Turns: 3419, Time: 00:10:35

Health: 0/47       AC:  6    Str: 17    XL:     6   Next: 19%
Magic:  1/11       EV: 14    Int: 17    God:    Okawaru [......]
Gold:   113        SH:  3    Dex: 16    Spells: 7/11 levels left

rFire    + . .     SeeInvis .   d - +0 spear
rCold    + . .     Gourm    .   (no shield)
rNeg     . . .     Faith    .   q - +1 ring mail {rPois}
rPois    +         Spirit   .   (no helmet)
rElec    +         Reflect  +   (no cloak)
rCorr    +         Harm     .   (no gloves)
MR       .....                  (no boots)
Stlth    +.........             b - +3 amulet of reflection
HPRegen  0.15/turn              (no ring)
MPRegen  0.12/turn              (no ring)

@: mighty, resistant, very slightly contaminated
A: distributed training, fangs 1, strong nose
a: Renounce Religion


You were on level 4 of the Dungeon.
You worshipped Okawaru.
Okawaru was noncommittal.
You were hungry.

You visited 2 branches of the dungeon, and saw 6 of its levels.

You collected 113 gold pieces.

Inventory:

Hand Weapons
 a - a +2 hand crossbow
 d - a +0 spear (weapon)
Missiles
 k - 3 bolts
Armour
 e - a +0 robe
 q - a +1 ring mail of poison resistance (worn)
Magical Staves
 h - an uncursed staff of energy
Jewellery
 b - a +3 amulet of reflection (around neck)
Scrolls
 g - 5 scrolls of teleportation
 m - a scroll of identify
Potions
 j - a potion of magic
Books
 c - a book of Debilitation

   Spells                             Type                      Level
   a - Corona                         Hexes                        1
   b - Slow                           Hexes                        2
   c - Inner Flame                    Hexes/Fire                   3
   d - Portal Projectile              Hexes/Translocation          3
   e - Cause Fear                     Hexes                        4
   f - Leda's Liquefaction            Hexes/Earth                  4
 n - a book of Changes

   Spells                             Type                      Level
   a - Beastly Appendage              Transmutation                1
   b - Sticks to Snakes               Transmutation                2
   c - Spider Form                    Transmutation/Poison         3
   d - Ice Form                       Ice/Transmutation            4
   e - Blade Hands                    Transmutation                5
Comestibles
 f - 4 bread rations
 i - 2 meat rations
 p - 4 chunks of flesh
 s - 4 fruits


   Skills:
 + Level 3.1 Fighting
 + Level 1.8 Short Blades
 + Level 1.8 Long Blades
 + Level 1.8 Axes
 + Level 1.8 Maces & Flails
 + Level 1.8 Polearms
 + Level 1.8 Staves
 + Level 1.8 Slings
 + Level 1.8 Bows
 + Level 4.9 Crossbows
 + Level 1.8 Throwing
 + Level 1.8 Armour
 + Level 4.9 Dodging
 + Level 1.8 Stealth
 + Level 1.8 Shields
 + Level 1.8 Unarmed Combat
 + Level 3.3 Spellcasting
 + Level 1.4 Conjurations
 + Level 5.6 Hexes
 + Level 1.4 Charms
 + Level 1.4 Summonings
 + Level 1.4 Necromancy
 + Level 1.4 Translocations
 + Level 1.4 Transmutations
 + Level 1.4 Fire Magic
 + Level 1.4 Ice Magic
 + Level 1.4 Air Magic
 + Level 1.4 Earth Magic
 + Level 1.4 Poison Magic
 + Level 2.0 Invocations
 + Level 1.8 Evocations


You had 7 spell levels left.
You knew the following spells:

 Your Spells              Type           Power        Failure   Level  Hunger
a - Corona                Hex            ###....      3%          1    None
b - Portal Projectile     Hex/Tloc       ##....       22%         3    ###....


Dungeon Overview and Level Annotations

Branches:
Dungeon (5/15)             Temple (1/1) D:5

Altars:
Cheibriados
Dithmenos
Elyvilon
Gozag
Kikubaaqudgha
Okawaru
Qazlal
Ru
Sif Muna
Vehumet
Wu Jian
Xom
Yredelemnul
The Shining One

Annotations:
D:3 Dowan, Duvessa


Innate Abilities, Weirdness & Mutations

Your experience applies equally to all skills.
You have very sharp teeth.
Your uncanny sense of smell can sniff out nearby items.


Message History

You feel agile.
The bullfrog skeleton hits you but does no damage.
The orc closely misses you. The howler monkey misses you.
The orc hits you but does no damage.
You block the bullfrog skeleton's attack.
Okay, then.
You hit the howler monkey. You bite the howler monkey!
The howler monkey is heavily wounded.
The howler monkey hits you.
* * * LOW HITPOINT WARNING * * *
The orc barely misses you. The orc closely misses you.
The bullfrog skeleton barely misses you.
The iguana barely misses you.
You puncture the howler monkey!
You kill the howler monkey!
Okawaru accepts your kill.
Your Invocations skill increases to level 2!
The bullfrog skeleton closely misses you.
The orc closely misses you. x2; The iguana bites you!
You die...

+.......(
#......(.
#.....(..
#.............#
#...(.........# #
#..(..........#.##
#oZ......>....#...
#@o...........# #
#ol...........# #
∆ #.............#
##.............#
##.####..####'#.#
# ##..# ##.##
#.#.# # #...# #..#
#.#.# # ## #...#
##.###.#.#### .###
#...# #..##.#.....


You could see an iguana, 3 orcs and a bullfrog skeleton.

Vanquished Creatures
  2 howler monkeys (D:4)
  An orc priest (D:4)
  3 gnolls (D:2)
  4 adders
  An ooze (D:2)
  An adder zombie (D:3)
  2 worms (D:3)
  A dart slug (D:2)
  3 leopard geckos
  6 orcs
  3 ball pythons
  6 giant cockroaches
  7 hobgoblins
  A quokka (D:3)
  7 bats
  5 frilled lizards
  7 goblins
  3 kobolds
  7 rats
70 creatures vanquished.

Notes
Turn   | Place    | Note
-------+----------+-------------------------------------------
     0 | D:1      | esteth the Gnoll Arcane Marksman began the quest for the Orb.
     0 | D:1      | Reached XP level 1. HP: 17/17 MP: 4/4
   179 | D:1      | Reached XP level 2. HP: 15/23 MP: 5/5
   802 | D:2      | Reached XP level 3. HP: 28/28 MP: 7/7
   869 | D:2      | Learned a level 3 spell: Portal Projectile
   930 | D:2      | Reached skill level 1 in Invocations
   937 | D:2      | Reached skill level 1 in Short Blades
   937 | D:2      | Reached skill level 1 in Long Blades
   937 | D:2      | Reached skill level 1 in Axes
   937 | D:2      | Reached skill level 1 in Maces & Flails
   937 | D:2      | Reached skill level 1 in Polearms
   937 | D:2      | Reached skill level 1 in Staves
   937 | D:2      | Reached skill level 1 in Slings
   937 | D:2      | Reached skill level 1 in Bows
   937 | D:2      | Reached skill level 1 in Throwing
   937 | D:2      | Reached skill level 1 in Armour
   937 | D:2      | Reached skill level 1 in Stealth
   937 | D:2      | Reached skill level 1 in Shields
   937 | D:2      | Reached skill level 1 in Unarmed Combat
   937 | D:2      | Reached skill level 1 in Evocations
   937 | D:2      | Reached XP level 4. HP: 29/34 MP: 8/8
  1356 | D:2      | Found a white marble altar of Elyvilon.
  1644 | D:3      | Reached skill level 1 in Conjurations
  1644 | D:3      | Reached skill level 1 in Charms
  1644 | D:3      | Reached skill level 1 in Summonings
  1644 | D:3      | Reached skill level 1 in Necromancy
  1644 | D:3      | Reached skill level 1 in Translocations
  1644 | D:3      | Reached skill level 1 in Transmutations
  1644 | D:3      | Reached skill level 1 in Fire Magic
  1644 | D:3      | Reached skill level 1 in Ice Magic
  1644 | D:3      | Reached skill level 1 in Air Magic
  1644 | D:3      | Reached skill level 1 in Earth Magic
  1644 | D:3      | Reached skill level 1 in Poison Magic
  1810 | D:3      | Reached XP level 5. HP: 39/40 MP: 9/9
  2024 | D:3      | You fall through a shaft for 2 floors!
  2024 | D:5      | Entered Level 5 of the Dungeon
  2054 | D:5      | Found a staircase to the Ecumenical Temple.
  2062 | Temple   | Entered the Ecumenical Temple
  2105 | Temple   | Became a worshipper of Warmaster Okawaru
  2468 | D:5      | Noticed an ice beast
  2526 | D:4      | Found a glowing golden altar of the Shining One.
  2946 | D:4      | Noticed Duvessa
  2946 | D:4      | Noticed Dowan
  3417 | D:4      | Reached XP level 6. HP: 8/47 MP: 1/10
  3419 | D:4      | Slain by an iguana

Vault maps used:
D:1:      sevenhm_arrival_forest_fort_small_6
D:2:      elyvilon_altar_3
D:3:      minmay_lizard_king
D:4:      lemuel_coloured_pillars_altar, kennysheep_cross_room, minmay_cut_off,
          uniq_ijyb, uniq_duvessa
D:5:      minmay_temple_entry_overgrown, first_bread
Temple:   minmay_temple_forest_path

Skill      XL: |  1  2  3  4  5  6 |
---------------+-------------------+-----
Invocations    | 1 2 |  2.0
Short Blades   | 1 |  1.8
Long Blades    | 1 |  1.8
Axes           | 1 |  1.8
Maces & Flails | 1 |  1.8
Polearms       | 1 |  1.8
Staves         | 1 |  1.8
Slings         | 1 |  1.8
Bows           | 1 |  1.8
Throwing       | 1 |  1.8
Armour         | 1 |  1.8
Stealth        | 1 |  1.8
Shields        | 1 |  1.8
Unarmed Combat | 1 |  1.8
Evocations     | 1 |  1.8
Spellcasting   | 3 |  3.3
Conjurations   | 1 |  1.4
Charms         | 1 |  1.4
Summonings     | 1 |  1.4
Necromancy     | 1 |  1.4
Translocations | 1 |  1.4
Transmutations | 1 |  1.4
Fire Magic     | 1 |  1.4
Ice Magic      | 1 |  1.4
Air Magic      | 1 |  1.4
Earth Magic    | 1 |  1.4
Poison Magic   | 1 |  1.4
Fighting       | 3 |  3.1
Crossbows      | |  4.9
Dodging        | |  4.9
Hexes          | |  5.6

Action                   |  1- 3 |  4- 6 || total
-------------------------+-------+-------++-------
Melee: Spear             |       |     6 ||     6
       Bite              |       |     1 ||     1
 Fire: Hand crossbow     |    74 |   127 ||   201
 Cast: Portal Projectile |       |     1 ||     1
  Use: Scroll            |       |     8 ||     8
       Potion            |       |     5 ||     5
  Eat: Chunk             |       |     7 ||     7
Armor: Robe              |     4 |     2 ||     6
       Ring mail         |       |    25 ||    25
Dodge: Dodged            |    25 |    83 ||   108
Block: Other             |       |    10 ||    10
       Reflection        |       |     1 ||     1

Table legend:
 A = Spawn XP
 B = Non-spawn XP
 C = Spawn XP percentage of total XP
 D = Spawn monster count
 E = Non-spawn monster count
 F = Spawn count percentage of total count
 G = Total turns spent on level
                    A         B        C        D         E        F      G
               +---------+---------+-------+---------+---------+-------+---------
         Total |       0 |     377 |   0.0 |       0 |      70 |   0.0 |  3419
               +---------+---------+-------+---------+---------+-------+---------
           D:1 |       0 |      23 |   0.0 |       0 |      14 |   0.0 |   799
           D:2 |       0 |      91 |   0.0 |       0 |      19 |   0.0 |   860
           D:3 |       0 |      95 |   0.0 |       0 |      29 |   0.0 |   989
           D:4 |       0 |     168 |   0.0 |       0 |       8 |   0.0 |   296
               +---------+---------+-------+---------+---------+-------+---------
